 Dungeon Crawl Stone Soup version 0.30.1-9-gdf580d7c3d (webtiles) character file.

Game seed: 17144428628208636593

155 Ivernyr the Twirler (level 5, -3/41 HPs)
             Began as a Formicid Fighter on Oct 5, 2023.
             Slain by Menkaure (12 damage)
             ... on level 6 of the Dungeon.
             The game lasted 00:04:51 (2624 turns).

Ivernyr the Twirler (Formicid Fighter)              Turns: 2624, Time: 00:04:51

Health: -3/41      AC:  8    Str: 23    XL:     5   Next: 63%
Magic:  5/5        EV:  9    Int:  7    God:
Gold:   131        SH:  5    Dex: 13    Spells: 4/4 levels left

rFire   . . .        a - +0 quarterstaff
rCold   . . .        c - +0 buckler
rNeg    . . .        b - +0 scale mail
rPois   .            (helmet unavailable)
rElec   .            r - +0 cloak
rCorr   .            (no gloves)
SInv    +            (no boots)
Will    .....        (no amulet) Stlth
                     (no ring)
HPRegen 0.26/turn    (no ring)
MPRegen 0.09/turn

%: no passive effects
@: no status effects
A: permanent stasis, dig shafts and tunnels, antennae 3, four strong arms
a: Dig, Shaft Self


You were on level 6 of the Dungeon.
You visited 1 branch of the dungeon, and saw 5 of its levels.

You collected 131 gold pieces.

Inventory:

Hand Weapons
 a - a +0 quarterstaff (weapon)
Armour
 b - a +0 scale mail (worn)
 c - a +0 buckler (worn)
 r - a +0 cloak (worn)
Wands
 d - a wand of flame (19)
 l - a wand of acid (8)
Scrolls
 h - a scroll of identify {unknown}
 i - 2 scrolls of blinking {unknown}
 j - a scroll of vulnerability {unknown}
 k - a scroll of teleportation {unknown}
 m - a scroll of magic mapping {unknown}
 n - a scroll of acquirement {unknown}
 o - a scroll of fear {unknown}
 p - 2 scrolls of fog {unknown}
Potions
 e - a potion of heal wounds {unknown}
 f - a potion of ambrosia {unknown}
 g - 3 potions of mutation {unknown}
 q - a potion of haste {unknown}


   Skills:
 - Level 3.2 Fighting
 + Level 5.4 Staves
 - Level 3.2 Armour
 - Level 4.0 Shields


You had 4 spell levels left.
You didn't know any spells.
Your spell library contained the following spells:

 Spells                   Type           Power      Damage    Failure   Level
 Sting                    Tmut/Pois      0%         1d3       80%         1
 Poisonous Vapours        Pois/Air       0%         N/A       91%         2
 Ozocubu's Armour         Ice            0%         N/A       99%         3
 Manifold Assault         Tloc           0%         N/A       100%        4
 Olgreb's Toxic Radiance  Pois           0%         N/A       100%        4
 Metabolic Englaciation   Hex/Ice        0%         N/A       100%        5
 Simulacrum               Ice/Necr       0%         N/A       100%        6
 Storm Form               Tmut/Air       0%         N/A       100%        7
 Blink                    Tloc           Unusable   N/A       N/A         2

Dungeon Overview and Level Annotations

Branches:
Dungeon (4/15)
 Temple: D:4-7

Altars:

Shops:
D:1 [   D:4 :

Annotations:
D:3 1 runed translucent door, chujev's ghost, amateur HOBr
D:6 Menkaure


Innate Abilities, Weirdness & Mutations

You cannot be hasted, slowed, berserked, paralysed or teleported.
You can dig through walls and to a lower floor.
You have a pair of large antennae on your head. (SInv)
Your four strong arms can wield two-handed weapons with a shield.


Message History

The gnoll is moderately wounded.
The gnoll hits you with a +0 club.
* * * LOW HITPOINT WARNING * * *
You block the gnoll's attack.
Are you sure you want to shaft yourself?
The gnoll hits you from afar with a +3 spear.
* * * LOW HITPOINT WARNING * * *
The gnoll hits you but does no damage.
You begin to dig a shaft.
You continue digging a shaft.
The gnoll hits you from afar with a +3 spear.
* * * LOW HITPOINT WARNING * * *
The gnoll barely misses you. A shaft appears beneath you!
You fall into a shaft and drop 2 floors!
The shaft crumbles and collapses.
You start resting.
HP restored.
Menkaure, Prince of Dust comes into view.
Menkaure shouts!
Menkaure gestures at you while chanting.
Pain shoots through your body!
You hit Menkaure.
Menkaure is lightly damaged.
Menkaure grins.
Menkaure mumbles some strange words.
Menkaure seems to speed up.
You hit Menkaure.
Menkaure is moderately damaged.
Menkaure hits you!
You sock Menkaure!
Menkaure is severely damaged.
Menkaure barely misses you.
You barely miss Menkaure.
Menkaure is severely damaged.
Menkaure hits you! Menkaure hits you.
* * * LOW HITPOINT WARNING * * *
You hit Menkaure but do no damage.
Menkaure is severely damaged.
Menkaure hits you!
You die...

### ##### #..
...# ###!####.##
####.####
#...M......
#.......# #.#@#
#.##.##.# #.#.#
#.#...#.###.#.###
................#
#.#...#.#######.#
#.##.##.# .# #
......# #
###..... ######


You could see Menkaure (fast).

Vanquished Creatures
  Terence (D:3)
  2 gnolls (D:4)
  5 adders
  An ufetubus (D:4)
  A worm (D:2)
  A dart slug (D:1)
  3 ball pythons
  A bat (D:1)
  5 endoplasms
  5 goblins
  4 hobgoblins (D:1)
  4 jackals
  3 quokkas
  3 frilled lizards
  8 kobolds
  6 rats
53 creatures vanquished.

Notes
Turn   | Place    | Note
-------+----------+-------------------------------------------
     0 | D:1      | Ivernyr the Formicid Fighter began the quest for the Orb.
     0 | D:1      | Reached XP level 1. HP: 18/18 MP: 1/1
   129 | D:1      | Reached XP level 2. HP: 24/24 MP: 2/2
   308 | D:1      | Reached skill level 3 in Staves
   313 | D:1      | Found a faded altar of an unknown god.
   313 | D:1      | Found a faded altar of an unknown god.
   365 | D:1      | Reached XP level 3. HP: 29/29 MP: 3/3
   376 | D:1      | Found Quicw's Antique Armour Emporium.
   796 | D:2      | Reached skill level 4 in Staves
   796 | D:2      | Reached XP level 4. HP: 35/35 MP: 4/4
  1437 | D:3      | Noticed Terence
  1451 | D:3      | Killed Terence
  1452 | D:3      | Reached skill level 5 in Staves
  1452 | D:3      | Reached XP level 5. HP: 13/41 MP: 5/5
  1668 | D:3      | Found a runed translucent door.
  1672 | D:3      | Noticed chujev's ghost (amateur HOBr)
  2398 | D:4      | Found Orraa's Self-Improvement Boutique.
  2470 | D:4      | You fall into a shaft and drop 2 floors!
  2614 | D:6      | Noticed Menkaure
  2624 | D:6      | Slain by Menkaure

Illustrated notes

Levels and vault maps discovered:
D:1:      tarquinn_simple_flora_water_e, layout_rooms, serial_shops, shop,
          hellmonk_ecumenical_altar_the_god_not_taken
D:2:      layout_basic, interstate_on_off
D:3:      layout_loops_corners, ebering_ghost_reflecting_pool, kennysheep_boxes,
          uniq_terence
D:4:      layout_gridville, minmay_temple_entry_butterflies,
          nicolae_shop_self_help
D:6:      layout_loops_ring, lemuel_mausoleum_altar_kikubaaqudgha, led_sif_book,
          uniq_menkaure

Skill      XL: |  1  2  3  4 |
---------------+-------------+-----
Staves         | 3 4 5 |  5.4
Fighting       | |  3.2
Armour         | |  3.2
Shields        | |  4.0

Action                     |  1- 3 |  4- 6 || total
---------------------------+-------+-------++-------
  Melee: Quarterstaff      |    87 |    91 ||   178
Ability: Shaft Self        |       |     1 ||     1
    Use: Potion            |       |     1 ||     1
 Armour: Scale mail        |    36 |    47 ||    83
  Dodge: Dodged            |    32 |    39 ||    71
  Block: Buckler           |    20 |    21 ||    41
